 Dungeon Crawl Stone Soup version 0.28-a0-1147-gc7b72d3202 (webtiles) character file.

Game seed: 16334977745981844287

52 BinkBink the Chopper (level 3, 0/31 HPs)
             Began as a Hill Orc Fighter on Dec 14, 2021.
             Was a Follower of Kikubaaqudgha.
             Slain by a gnoll (4 damage)
             ... on level 2 of the Dungeon.
             The game lasted 00:01:09 (801 turns).

BinkBink the Chopper (Hill Orc Fighter)              Turns: 801, Time: 00:01:10

Health: 0/31       AC:  6    Str: 20    XL:     3   Next: 85%
Magic:  3/3        EV:  9    Int:  8    God:    Kikubaaqudgha [*.....]
Gold:   38         SH:  4    Dex: 10    Spells: 2/2 levels left

rFire   . . .      SeeInvis .   a - +0 war axe
rCold   . . .      Faith    .   c - +0 buckler
rNeg    . . .      Spirit   .   b - +0 scale mail
rPois   .          Reflect  .   (no helmet)
rElec   .          Harm     .   (no cloak)
rCorr   .          Rampage  .   (no gloves)
Will    .....                   (no boots)
Stlth   ..........              (no amulet)
HPRegen 0.10/turn               (no ring)
MPRegen 0.08/turn               (no ring)

@: no status effects
A: no striking features
a: Renounce Religion, Receive Corpses


You were on level 2 of the Dungeon.
You worshipped Kikubaaqudgha.
Kikubaaqudgha was aware of your devotion.
You visited 1 branch of the dungeon, and saw 2 of its levels.

You collected 38 gold pieces.

Inventory:

Hand Weapons
 a - a +0 war axe (weapon)
Armour
 b - a +0 scale mail (worn)
 c - a +0 buckler (worn)
 j - a +0 helmet
Scrolls
 f - a scroll of immolation {unknown}
 g - a scroll of enchant armour {unknown}
 h - a scroll of brand weapon {unknown}
 i - a scroll of identify {unknown}
Potions
 d - a potion of might
 e - a potion of brilliance {unknown}
 k - a potion of curing {unknown}


   Skills:
 - Level 3.6 Fighting
 + Level 5.4 Axes
 - Level 3.2 Armour
 - Level 3.2 Shields


You had 2 spell levels left.
You didn't know any spells.
Your spell library contained the following spells:

 Spells                   Type           Power      Damage    Failure   Level
 Pain                     Necr           0%         1d4       80%         1
 Corpse Rot               Necr/Air       0%         N/A       90%         2
 Sublimation of Blood     Necr           0%         N/A       90%         2
 Vampiric Draining        Necr           0%         2d6       99%         3


Dungeon Overview and Level Annotations

Branches:
Dungeon (2/15)

Altars:
Kikubaaqudgha


Message History

Your Axes skill increases to level 5!
You are too injured to fight recklessly!
You are too injured to fight recklessly!
You are too injured to fight recklessly!
You are too injured to fight recklessly!
You barely miss the gnoll. The gnoll barely misses you. x2
The gnoll closely misses you.
You slash the gnoll!
You kill the gnoll!
Kikubaaqudgha accepts your kill.
The frilled lizard unfolds its giant frill.
The gnoll misses you.
The gnoll hits you with a +1 spear of flaming.
The gnoll burns you.
Things that are here:
a +0 flail; a +0 whip; a potion of might You barely miss the gnoll.
You block the gnoll's attack.
You closely miss the gnoll. You block the gnoll's attack.
The gnoll hits you with a +1 spear of flaming.
The gnoll burns you.
* * * LOW HITPOINT WARNING * * *
You closely miss the gnoll. The gnoll barely misses you.
You hit the gnoll.
The gnoll is moderately wounded.
The gnoll hits you but does no damage.
You completely miss the gnoll.
The gnoll is moderately wounded.
The gnoll hits you with a +1 spear of flaming.
* * * LOW HITPOINT WARNING * * *
The gnoll burns you.
* * * LOW HITPOINT WARNING * * *
You closely miss the gnoll.
The gnoll is moderately wounded.
The gnoll hits you with a +1 spear of flaming.
* * * LOW HITPOINT WARNING * * *
The gnoll burns you.
* * * LOW HITPOINT WARNING * * *
The gnoll hits you with a +1 spear of flaming.
You die...
Kikubaaqudgha rasps: "You have failed me!
Welcome... death!"

#.#########.#
###.#.........#
##...###.#########
.....###.#.........#
.........#....####.#
.#...#####.......#.# #
.#.............#.#.# .# .
<###.####......#.#.# #.#..
####.#..#......#@#.#......
........#......#g#.#......
####.##.#.......l..g......
#....#........#.#.g...
##########.####.# ... #>.
... . ### ##.## ..# #..


You could see a gnoll and a frilled lizard.

Vanquished Creatures
  2 gnolls (D:2)
  3 dart slugs
  An endoplasm (D:1)
  A giant cockroach (D:1)
  A goblin (D:1)
  2 hobgoblins (D:1)
  4 jackals (D:1)
  2 quokkas (D:1)
  2 ball pythons (D:2)
  6 frilled lizards (D:1)
  2 kobolds (D:1)
  2 rats (D:1)
28 creatures vanquished.

Notes
Turn   | Place    | Note
-------+----------+-------------------------------------------
     0 | D:1      | BinkBink the Hill Orc Fighter began the quest for the Orb.
     0 | D:1      | Reached XP level 1. HP: 19/19 MP: 1/1
    60 | D:1      | Reached skill level 3 in Axes
    70 | D:1      | Reached XP level 2. HP: 26/26 MP: 2/2
   164 | D:1      | Reached skill level 4 in Axes
   268 | D:1      | Found a faded altar of an unknown god.
   285 | D:1      | Prayed at the altar of an unknown god.
   285 | D:1      | Became a worshipper of Kikubaaqudgha
   285 | D:1      | Reached * piety under Kikubaaqudgha
   285 | D:1      | Received a gift from Kikubaaqudgha
   550 | D:1      | Reached XP level 3. HP: 31/31 MP: 3/3
   793 | D:2      | Reached skill level 5 in Axes
   801 | D:2      | Slain by a gnoll

Illustrated notes

Levels and vault maps discovered:
D:1:      minmay_arrival_statue_studded, layout_rooms,
          shapermc_ecumenical_altar_notcrosses
D:2:      layout_basic, minmay_tetromino_s2

Skill      XL: |  1  2  3 |
---------------+----------+-----
Axes           | 3 4 5 |  5.4
Fighting       | |  3.6
Armour         | |  3.2
Shields        | |  3.2

Action                   || total
-------------------------++-------
Melee: War axe           ||    80
Armor: Scale mail        ||    39
Dodge: Dodged            ||    39
Block: Buckler           ||    19

Table legend: (Time is in decaauts)
 A = Elapsed time spent in this place.
 B = Non-inter-level travel time spent in this place.
 C = Inter-level travel time spent in this place.
 D = Time resting spent in this place.
 E = Time spent auto-exploring this place.
 F = Levels seen in this place.
 G = Mean time per level.
                   A        B        C        D        E       F      G
               +--------+--------+--------+--------+--------+-----+--------+
         Total |    824 |    792 |     32 |      0 |    621 |   2 |  412.0 |
       Dungeon |    824 |    792 |     32 |      0 |    621 |   2 |  412.0 |
               +--------+--------+--------+--------+--------+-----+--------+

Top non-repeatable levels by time:
     D:1: 712 daAuts
     D:2: 112 daAuts
